 Dungeon Crawl Stone Soup version 0.17.0-28-g6e173f8 (webtiles) character file.

89 plasmid the Ruffian (level 4, -4/37 HPs)
             Began as a Draconian Transmuter on Nov 30, 2015.
             Was a Follower of Qazlal.
             Slain by Grinder (7 damage)
             ... on level 3 of the Dungeon.
             The game lasted 00:35:42 (3090 turns).

plasmid the Ruffian (Draconian Transmuter)          Turns: 3090, Time: 00:35:42

Health: -4/37      AC:  6    Str: 11 (13) XL:     4   Next: 31%
Magic:  7/7        EV: 12    Int: 14      God:    Qazlal [*.....]
Gold:   71         SH:  1    Dex: 11      Spells: 2 memorised, 3 levels left

rFire  . . .     SeeInvis .     f - +0 short sword
rCold  . . .     Clarity  .     (armour unavailable)
rNeg   . . .     SustAt   .     (no shield)
rPois  .         Gourm    .     (helmet restricted)
rElec  .         Spirit   .     (no cloak)
rCorr  .         Warding  .     o - +0 pair of gloves (curse)
rMut   .         Stasis   .     (no boots)
MR     .....                    (no amulet)
Stlth  +.........               (no ring)
                                (no ring)

@: about to teleport, not resistant to hostile enchantments, very unstealthy
A: unfitting armour, cold-blooded, AC +5
a: Renounce Religion


You were on level 3 of the Dungeon.
You worshipped Qazlal.
Qazlal was aware of your devotion.
You were not hungry.

You visited 1 branch of the dungeon, and saw 3 of its levels.

You collected 71 gold pieces.

Inventory:

Hand Weapons
 f - a +0 short sword (weapon)
 g - a +0 mace
 h - a +0 dagger
 l - a +0 dagger
 n - a +0 club
 p - a +0 short sword
 q - a +0 club
 s - a +0 dagger
 u - a +0 dagger
 x - a +0 mace
 y - a +0 hunting sling
 B - a +0 club
 E - a +0 club
 F - a +0 whip
 I - a +0 club
 J - a +0 club
 K - a +0 club
 M - a +0 dagger
Missiles
 a - 12 arrows
 j - 112 stones (quivered)
 m - a throwing net
 r - 25 bolts
 v - 7 bolts of flame
 G - 25 poisoned needles
Armour
 o - a cursed +0 pair of gloves (worn)
 L - a +0 large shield
Jewellery
 k - an uncursed amulet of stasis
Scrolls
 e - a scroll of teleportation
 t - a scroll of amnesia {unknown}
 w - a scroll of identify
 D - 2 scrolls of remove curse {unknown}
Potions
 A - a potion of might {unknown}
 C - 2 potions of poison
Books
 b - a book of Changes

   Spells                             Type                      Level
   a - Beastly Appendage              Transmutation                1
   b - Sticks to Snakes               Transmutation                2
   c - Spider Form                    Transmutation/Poison         3
   d - Ice Form                       Ice/Transmutation            4
   e - Blade Hands                    Transmutation                5
Comestibles
 c - 4 bread rations
 d - 2 chunks of flesh
 i - 2 meat rations
 H - a royal jelly


   Skills:
 * Level 2.8 Fighting
 - Level 1.7 Dodging
 + Level 3.9 Unarmed Combat
 - Level 2.0 Spellcasting
 * Level 2.9 Transmutations


You had 3 spell levels left.
You knew the following spells:

 Your Spells              Type           Power        Failure   Level  Hunger
a - Beastly Appendage     Trmt           #.....       10%         1    ##.....
b - Spider Form           Trmt/Pois      #.........   47%         3    ####...


Dungeon Overview and Level Annotations

Branches:
Dungeon (3/15)

Altars:
Cheibriados
Qazlal

Annotations:
D:3 Grinder


Innate Abilities, Weirdness & Mutations

Your plain brown scales are hard (AC +5).
Your body does not fit into most forms of armour.
You are cold-blooded and may be slowed by cold attacks.


Message History

You are too injured to fight recklessly!
Your talons disappear.
Grinder hits you!
* * * LOW HITPOINT WARNING * * *
Read which item? (? for menu, Esc to quit)
Okay, then.
Drink which item? (? for menu, Esc to quit)
Okay, then.
Drink which item? (? for menu, Esc to quit)
It was a potion of degeneration.
There was something very wrong with that liquid.
You feel weakened. Grinder gestures at you. You resist with significant effort.
The giant cockroach bites you but does no damage.
You remove your amulet of stasis.
Read which item? (? for menu, Esc to quit)
As you read the scroll of teleportation, it crumbles to dust.
You feel strangely unstable. The giant cockroach misses you. Grinder hits you!
You die...

.....#.........#.##.#........#
####.########.##.##.##.####.##
.....# #....##....#### #
#############....#........#.##
...........>..................
#############....#........##..
#....#####........
#....#####'#####..
#..ยง@.......# # #...s5......#
#...........# ####....##.##
#....##.# #.... #....##.#
#.... #....##.# #....
#....##.# #.... #....# .#
#....


You could see Grinder and a giant cockroach.

Vanquished Creatures
  2 adders (D:3)
  5 worms
  2 orcs (D:3)
  A giant cockroach (D:2)
  8 goblins
  4 hobgoblins
  4 jackals (D:1)
  10 kobolds
  3 quokkas
  2 ball pythons (D:2)
  5 bats
  6 giant newts
  5 rats
57 creatures vanquished.

Notes
Turn   | Place    | Note
--------------------------------------------------------------
     0 | D:1      | plasmid the Draconian Transmuter began the quest for the Orb.
     0 | D:1      | Reached XP level 1. HP: 16/16 MP: 3/3
   634 | D:1      | Reached XP level 2. HP: 17/23 MP: 3/5
  1354 | D:2      | Found a stormy altar of Qazlal.
  1361 | D:2      | Became a worshipper of Qazlal Stormbringer
  1413 | D:2      | Reached XP level 3. HP: 29/29 MP: 6/6
  1422 | D:2      | Learned a level 3 spell: Spider Form
  2141 | D:3      | Found a snail-covered altar of Cheibriados.
  2381 | D:3      | Noticed Grinder
  2452 | D:3      | Reached XP level 4. HP: 22/37 MP: 2/7
  2806 | D:3      | Reached * piety under Qazlal
  3090 | D:3      | Slain by Grinder

Action                   |  1- 3 |  4- 6 || total
-------------------------+-------+-------++-------
Melee: Short sword       |   158 |    56 ||   214
       Unarmed           |    19 |       ||    19
Throw: Stone             |    17 |       ||    17
 Cast: Beastly Appendage |    21 |     7 ||    28
       Spider Form       |     6 |       ||     6
  Use: Scroll            |     6 |     1 ||     7
       Potion            |     3 |     1 ||     4
  Eat: Chunk             |     7 |     2 ||     9
